 Dungeon Crawl Stone Soup version 0.26-a0-812-g31a745ddcd (webtiles) character file.

Game seed: 9319631335141851529

18 dmks the Magician (level 2, -2/17 HPs)
             Began as an Octopode Hedge Wizard on Nov 14, 2020.
             Slain by a hobgoblin
             ... wielding a +0 club
              (4 damage)
             ... on level 1 of the Dungeon.
             The game lasted 00:03:58 (847 turns).

dmks the Magician (Octopode Hedge Wizard)            Turns: 847, Time: 00:03:59

Health: -2/17      AC:  1    Str:  9    XL:     2   Next: 70%
Magic:  2/6        EV: 13    Int: 16    God:
Gold:   53         SH:  0    Dex: 11    Spells: 6/7 levels left

rFire    . . .     SeeInvis .   a - +0 dagger
rCold    . . .     Faith    .   (no shield)
rNeg     . . .     Spirit   .   b - +0 hat
rPois    .         Reflect  .   (no amulet)
rElec    .         Harm     .   (no ring)
rCorr    .         Rampage  .   (no ring)
MR       .....                  (no ring)
Stlth    +++.......             (no ring)
HPRegen  0.05/turn              (no ring)
MPRegen  0.10/turn              (no ring)
                                (no ring)
                                (no ring)

@: no status effects
A: almost no armour, stealthy swim, amphibious, 8 rings, constrict 8, camouflage
1, gelatinous body 1
a: no special abilities


You were on level 1 of the Dungeon.
You visited 1 branch of the dungeon, and saw 1 of its levels.

You collected 53 gold pieces.

Inventory:

Hand Weapons
 a - a +0 dagger (weapon)
Armour
 b - a +0 hat (worn)
 g - a +1 hat
   (You found it on level 1 of the Dungeon)
Scrolls
 d - a scroll of magic mapping {unknown}
 f - a scroll of teleportation {unknown}
 h - a scroll of immolation {unknown}
 i - 2 scrolls of remove curse {unknown}
 j - a scroll of blinking {unknown}
 k - a scroll of random uselessness {unknown}
Potions
 c - a potion of curing {unknown}
 e - a potion of resistance {unknown}
 l - a potion of degeneration {unknown}
 m - a potion of attraction {unknown}
 n - a potion of brilliance {unknown}


   Skills:
 + Level 2.2 Dodging
 + Level 3.1 Stealth
 + Level 3.1 Spellcasting
 * Level 1.7 Conjurations
   Level 1.0 Summonings
   Level 1.0 Translocations


You had 6 spell levels left.
You knew the following spells:

 Your Spells              Type           Power        Failure   Level
a - Magic Dart            Conj           #...         9%          1

Your spell library contained the following spells:

 Spells                   Type           Power        Failure   Level
 Blink                    Tloc           N/A          19%         2
 Call Imp                 Summ           #.......     19%         2
 Slow                     Hex            #.......     28%         2
 Conjure Flame            Conj/Fire      #.......     36%         3
 Mephitic Cloud           Conj/Pois/Air  #.......     41%         3


Dungeon Overview and Level Annotations

Branches:
Dungeon (1/15)

Altars:
The Shining One


Innate Abilities, Weirdness & Mutations

You cannot wear most types of armour.
You are very stealthy in the water. (Stealth+)
You are amphibious.
You can wear up to eight rings at the same time.
You can use your tentacles to constrict eight enemies at once.
Your skin changes colour to match your surroundings (Stealth+).
Your rubbery body absorbs attacks. (AC +1, EV +1)


Message History

The jackal barely misses you.
Aim: a jackal (severely wounded)
The magic dart hits the jackal.
You kill the jackal!
A hobgoblin comes into view. It is wielding a +0 club.
You hit the jackal but do no damage. You grab the jackal.
Your squeeze misses the jackal. You constrict the jackal. The jackal bites you.
You barely miss the jackal. You constrict the jackal.
The jackal closely misses you. The jackal bites you.
Aim: a jackal (moderately wounded, constricted by you)
The magic dart hits the jackal.
You constrict the jackal, but do no damage.
The jackal misses you.
You hit the jackal.
You constrict the jackal, but do no damage.
The jackal barely misses you. x2
You hit the jackal. You constrict the jackal.
You kill the jackal!
The kobold throws a stone.
The stone hits you.
You hit the jackal but do no damage. Your grab misses the jackal.
The jackal bites you but does no damage.
The jackal closely misses you.
You hit the jackal but do no damage. You grab the jackal.
You constrict the jackal, but do no damage.
The jackal bites you.
You release your grip on the jackal.
You barely miss the jackal. You grab the jackal. You constrict the jackal.
The jackal bites you.
* * * LOW HITPOINT WARNING * * *
The jackal barely misses you.
You release your grip on the jackal.
The jackal closely misses you.
You hit the jackal but do no damage. Your grab misses the jackal.
The jackal barely misses you. The jackal bites you.
* * * LOW HITPOINT WARNING * * *
Aim: a jackal (moderately wounded)
The magic dart hits the jackal.
The jackal misses you.
You hit the jackal. You grab the jackal.
You constrict the jackal, but do no damage.
The jackal bites you.
* * * LOW HITPOINT WARNING * * *
The jackal bites you.
* * * LOW HITPOINT WARNING * * *
You hit the jackal.
You kill the jackal!
Aim: a hobgoblin, wielding a +0 club The magic dart hits the hobgoblin but does no damage.
The hobgoblin hits you with a +0 club.
You die...

#.###......#
#..........####
####.....[....#
#.#.....##..#
#+####'####+#
#...........#
##########<######
........(#############
.######.........@gK..#
.# #####.########.# .#
#.# #.# .# #.#
#K############ ## #.#
#.#.K.K....... #.#
#.#.########## #.#
######.#.# #
#.##.........##########
#.##.#####.............


You could see a hobgoblin and a kobold.

Vanquished Creatures
  3 goblins (D:1)
  2 hobgoblins (D:1)
  3 jackals (D:1)
  2 kobolds (D:1)
  2 frilled lizards (D:1)
  5 rats (D:1)
17 creatures vanquished.

Notes
Turn   | Place    | Note
-------+----------+-------------------------------------------
     0 | D:1      | dmks the Octopode Hedge Wizard began the quest for the Orb.
     0 | D:1      | Reached XP level 1. HP: 11/11 MP: 4/4
    89 | D:1      | Found a glowing golden altar of the Shining One.
   230 | D:1      | Reached XP level 2. HP: 10/17 MP: 0/6
   847 | D:1      | Slain by a hobgoblin

Illustrated notes

Levels and vault maps discovered:
D:1:      minmay_arrival_three_doors, layout_loops_ring, tso_metal_star

Skill      XL: |  1  2 |
---------------+-------+-----
Stealth        | 3 |  3.1
Dodging        | |  2.2
Spellcasting   | |  3.1
Conjurations   | |  1.7
Summonings     | |  1.0
Translocations | |  1.0

Action                   || total
-------------------------++-------
Melee: Dagger            ||    19
       Constrict         ||     7
       Tentacles         ||     2
 Cast: Magic Dart        ||    33
Armor: Skin              ||     1
Dodge: Dodged            ||    17

Table legend: (Time is in decaauts)
 A = Elapsed time spent in this place.
 B = Non-inter-level travel time spent in this place.
 C = Inter-level travel time spent in this place.
 D = Time resting spent in this place.
 E = Time spent auto-exploring this place.
 F = Levels seen in this place.
 G = Mean time per level.
                   A        B        C        D        E       F      G
               +--------+--------+--------+--------+--------+-----+--------+
         Total |    847 |    847 |      0 |    326 |    393 |   1 |  847.0 |
       Dungeon |    847 |    847 |      0 |    326 |    393 |   1 |  847.0 |
               +--------+--------+--------+--------+--------+-----+--------+

Top non-repeatable levels by time:
     D:1: 847 daAuts
